 Dungeon Crawl Stone Soup version 0.32-a0-705-g60f233581c (webtiles) character file.

Game seed: 5939642852650692691

23890 sleeves the Basher (level 13, -2/97 (101) HPs)
             Began as a Gnoll Reaver on Mar 14, 2024.
             Was a High Priest of Kikubaaqudgha.
             Slain by a catoblepas (17 damage)
             ... on level 14 of the Dungeon.
             The game lasted 00:35:22 (16511 turns).

sleeves the Basher (Gnoll Reaver)                  Turns: 16511, Time: 00:35:23

HP:   -2/97 (101)   AC: 20    Str: 23    XL:     13   Next: 9%
MP:   26/26         EV: 17    Int: 13    God:    Kikubaaqudgha [*****.]
Gold: 1138          SH: 14    Dex: 10    Spells: 30/31 levels left

rFire   x . .        a - +3 flail (protect)
rCold   + . .        z - +0 kite shield
rNeg    . . .        v - +1 ring mail "Ocath" {rF- rC+ Will+++}
rPois   .            y - +0 helmet
rElec   .            H - +0 cloak
rCorr   .            J - +0 pair of gloves
SInv    .            Y - +0 pair of boots
Will    +++..        d - amulet of reflection
Stlth   +++          p - +5 ring of evasion
HPRegen 0.36/turn    g - +6 ring of strength
MPRegen 0.20/turn

%: reflection
@: under a protective aura, lightly drained
A: fangs 1, strong nose, distributed training
a: Renounce Religion, Unearth Wretches, Torment


You were on level 14 of the Dungeon.
You worshipped Kikubaaqudgha.
Kikubaaqudgha was extremely pleased with you.
You visited 2 branches of the dungeon, and saw 15 of its levels.
You also visited: Sewer.

You collected 1180 gold pieces.
You spent 42 gold pieces at shops.

Inventory:

Hand Weapons
 a - a +3 flail of protection (weapon)
   (You took it off Edmund on level 4 of the Dungeon)
 b - a +2 orcbow of freezing
   (You took it off a centaur on level 11 of the Dungeon)
 U - the +2 dagger of the Holding Queen {pain, rF+ rCorr}
   (You found it on level 10 of the Dungeon)

   rF+:       It protects you from fire.
   rCorr:     It protects you from acid and corrosion.
 Z - a +3 hand axe of flaming
   (You took it off an orc on level 13 of the Dungeon)
Missiles
 f - 14 boomerangs (quivered)
 G - a throwing net
 O - a curare-tipped dart
Armour
 v - the +1 ring mail "Ocath" (worn) {rF- rC+ Will+++}
   (You found it on level 3 of the Dungeon)

   rF-:       It makes you vulnerable to fire.
   rC+:       It protects you from cold.
   Will+++:   It greatly increases your willpower.
 y - a +0 helmet (worn)
   (You found it on level 13 of the Dungeon)
 z - a +0 kite shield (worn)
   (You found it on level 6 of the Dungeon)
 A - a +3 scale mail of fire resistance
   (You took it off Edmund on level 4 of the Dungeon)
 H - a +0 cloak (worn)
   (You found it on level 7 of the Dungeon)
 J - a +0 pair of gloves (worn)
   (You found it on level 7 of the Dungeon)
 Y - a +0 pair of boots (worn)
   (You found it on level 12 of the Dungeon)
Magical Staves
 F - a staff of death
   (You found it on level 6 of the Dungeon)
Jewellery
 d - an amulet of reflection (around neck)
   (You found it on level 1 of the Dungeon)
 g - a +6 ring of strength (right hand)
   (You found it on level 1 of the Dungeon)
 p - a +5 ring of evasion (left hand)
   (You found it on level 2 of the Dungeon)
 D - a ring of protection from cold
   (You found it on level 5 of the Dungeon)
Wands
 s - a wand of charming (1)
   (You found it on level 13 of the Dungeon)
 B - a wand of mindburst (4)
   (You found it on level 13 of the Dungeon)
 C - a wand of digging (1)
   (You found it on level 5 of the Dungeon)
 M - a wand of iceblast (13)
   (You found it on level 8 of the Dungeon)
 P - a wand of polymorph (7)
   (You found it on level 9 of the Dungeon)
 Q - a wand of flame (20)
   (You found it on level 9 of the Dungeon)
 X - a wand of quicksilver (1)
   (You found it on level 12 of the Dungeon)
Scrolls
 c - 4 scrolls of blinking
 e - 4 scrolls of silence
 i - a scroll of acquirement
 k - a scroll of amnesia {unknown}
 l - 4 scrolls of teleportation
 n - a scroll of enchant weapon {unknown}
 r - 5 scrolls of brand weapon
 E - 2 scrolls of vulnerability
 K - 3 scrolls of immolation
 L - a scroll of fear {unknown}
 R - a scroll of revelation {unknown}
 T - a scroll of poison
 W - a scroll of enchant armour {unknown}
Potions
 h - a potion of experience {unknown}
 j - 3 potions of resistance
 m - 6 potions of haste
 o - 6 potions of heal wounds
 q - a potion of curing
 t - 2 potions of enlightenment
 u - 2 potions of mutation
 w - a potion of brilliance
 x - 2 potions of attraction {unknown}
 I - a potion of cancellation {unknown}
 N - 5 potions of might
 V - 2 potions of lignification {unknown}
Miscellaneous
 S - a sack of spiders
   (You found it on level 10 of the Dungeon)


   Skills:
 + Level 9.5 Fighting
 + Level 8.2 Short Blades
 + Level 8.2 Long Blades
 + Level 8.2 Axes
 + Level 10.5 Maces & Flails
 + Level 8.2 Polearms
 + Level 8.2 Staves
 + Level 8.2 Ranged Weapons
 + Level 8.2 Throwing
 + Level 8.2 Armour
 + Level 9.5 Dodging
 + Level 8.2 Stealth
 + Level 8.2 Shields
 + Level 8.2 Unarmed Combat
 + Level 9.7 Spellcasting
 + Level 8.9 Conjurations
 + Level 6.8 Hexes
 + Level 6.8 Summonings
 + Level 6.8 Necromancy
 + Level 6.8 Translocations
 + Level 6.8 Fire Magic
 + Level 6.8 Ice Magic
 + Level 6.8 Air Magic
 + Level 6.8 Earth Magic
 + Level 6.8 Alchemy
 + Level 9.0 Invocations
 + Level 8.2 Evocations
 + Level 7.5 Shapeshifting


You had 30 spell levels left.
You knew the following spells:

 Your Spells              Type           Power      Damage    Failure   Level
a - Kiss of Death         Conj/Necr      100%       2d13      1%          1

Your spell library contained the following spells:

 Spells                   Type           Power      Damage    Failure   Level
 Foxfire                  Conj/Fire      100%       2x1d9     1%          1
 Magic Dart               Conj           100%       1d8       1%          1
 Necrotise                Necr           96%        1d8       1%          1
 Slow                     Hex            96%        N/A       1%          1
 Sting                    Conj/Alch      100%       1d9       1%          1
 Momentum Strike          Conj/Tloc      52%        3d9       1%          2
 Searing Ray              Conj           58%        2d6       1%          2
 Ensorcelled Hibernation  Hex/Ice        48%        N/A       3%          2
 Jinxbite                 Hex            48%        N/A       3%          2
 Mercury Vapours          Alch/Air       48%        N/A       3%          2
 Scorch                   Fire           48%        2d7       3%          2
 Sublimation of Blood     Necr           24%        N/A       3%          2
 Dazzling Flash           Conj/Hex       52%        N/A       3%          3
 Hailstorm                Conj/Ice       26%        3d7       3%          3
 Stone Arrow              Conj/Erth      52%        3d10      3%          3
 Mephitic Cloud           Conj/Alch/Air  26%        N/A       4%          3
 Confusing Touch          Hex            24%        N/A       6%          3
 Gell's Gravitas          Tloc           24%        N/A       6%          3
 Inner Flame              Hex/Fire       24%        N/A       6%          3
 Passwall                 Erth           24%        N/A       6%          3
 Swiftness                Air            24%        N/A       6%          3
 Teleport Other           Tloc           24%        N/A       6%          3
 Vampiric Draining        Necr           24%        2d7       6%          3
 Brom's Barrelling Bould  Conj/Erth      26%        2d5       12%         4
 Flame Wave               Conj/Fire      26%        2d8       12%         4
 Fulminant Prism          Conj/Alch      13%        3d8       12%         4
 Anguish                  Hex/Necr       12%        N/A       19%         4
 Animate Dead             Necr           24%        N/A       19%         4
 Cause Fear               Hex            12%        N/A       19%         4
 Dispel Undead            Necr           24%        3d12      19%         4
 Leda's Liquefaction      Alch/Erth      12%        N/A       19%         4
 Martyr's Knell           Necr/Summ      24%        N/A       19%         4
 Olgreb's Toxic Radiance  Alch           24%        N/A       19%         4
 Vhi's Electric Charge    Tloc/Air       48%        N/A       19%         4
 Iskenderun's Battlesphe  Conj           29%        2d8       22%         5
 Arcjolt                  Conj/Air       13%        1d23      34%         5
 Fireball                 Conj/Fire      13%        3d7       34%         5
 Freezing Cloud           Conj/Ice/Air   13%        6-21      36%         5
 Curse of Agony           Necr           24%        N/A       47%         5
 Lee's Rapid Deconstruct  Erth           12%        3d8*      47%         5
 Silence                  Hex/Air        12%        N/A       47%         5
 Yara's Violent Unravell  Hex/Alch       12%        3d7       47%         5
 Conjure Ball Lightning   Conj/Air       13%        3x3d6     88%         6
 Starburst                Conj/Fire      13%        6d5       88%         6
 Death Channel            Necr           12%        N/A       96%         6
 Dispersal                Tloc           12%        N/A       96%         6
 Permafrost Eruption      Ice/Erth       12%        2x4d5     96%         6
 Plasma Beam              Fire/Air       12%        2x1d23    96%         6
 Summon Cactus Giant      Summ           12%        N/A       96%         6
 Enfeeble                 Hex            12%        N/A       100%        7
 Orb of Destruction       Conj           14%        9d7       100%        7
 Maxwell's Capacitive Co  Air            12%        ∞         100%        8
 Fire Storm               Conj/Fire      13%        8d3       100%        9


Dungeon Overview and Level Annotations

Branches:
Dungeon (14/15)            Temple (1/1) D:4            Lair (0/5) D:11
    Orc (0/2) D:9          Vaults (0/5) D:13          Sewer (visited)

Altars:
Ashenzari
Cheibriados
Dithmenos
Elyvilon
Fedhas
Gozag
Hepliaklqana
Kikubaaqudgha
Makhleb
Nemelex Xobeh
Okawaru
Qazlal
Ru
Sif Muna
Trog
Uskayaw
Vehumet
Wu Jian
Xom
Yredelemnul
Zin
The Shining One

Shops:
D:2 !   D:11 :

Annotations:
D:8 exclusion: ugly thing


Innate Abilities, Weirdness & Mutations

You have very sharp teeth.
Your uncanny sense of smell can sniff out nearby items.
Your experience applies equally to all skills.


Message History

You closely miss the vault guard.
The vault guard is lightly wounded.
Your vault guard hits the vault guard with a +1 vampiric war axe!
Your vault guard is healed.
The vault guard barely misses you.
The vault guard hits your vault guard with a +0 battleaxe.
Your vault guard hits the vault guard but does no damage.
The vault guard misses you.
The vault guard hits your vault guard but does no damage.
There is an open gate, spattered with blood here.
Things that are here:
a +0 dagger; a +0 robe; a human corpse Your vault guard hits the vault guard with a +1 vampiric war axe.
Your vault guard is healed.
You block the vault guard's attack.
The vault guard hits your vault guard but does no damage.
Your vault guard hits the vault guard with a +1 vampiric war axe!
Your vault guard is healed.
The vault guard barely misses your vault guard.
Your vault guard hits the vault guard with a +1 vampiric war axe!
Your vault guard is healed.
The vault guard hits your vault guard with a +0 battleaxe!!
Your vault guard closely misses the vault guard.
The vault guard completely misses your vault guard.
Your vault guard hits the vault guard but does no damage.
The vault guard hits your vault guard with a +0 battleaxe!
Your vault guard hits the vault guard with a +1 vampiric war axe.
The vault guard hits your vault guard with a +0 battleaxe!
Your vault guard hits the vault guard with a +1 vampiric war axe.
Your vault guard is healed.
The vault guard hits your vault guard with a +0 battleaxe!!
Your vault guard dies!
The vault guard shouts!
You swing at nothing.
You closely miss the vault guard.
The vault guard is heavily wounded.
The vault guard barely misses you.
You closely miss the vault guard.
You bite the vault guard, but do no damage.
The vault guard is heavily wounded.
The vault guard hits you with a +0 battleaxe!
You closely miss the vault guard.
The vault guard is heavily wounded.
The vault guard hits you but does no damage.
You completely miss the vault guard.
You bite the vault guard, but do no damage.
The vault guard is heavily wounded.
The vault guard hits you with a +0 battleaxe!
You bludgeon the vault guard!!
Your weapon exudes an aura of protection.
The vault guard is almost dead.
The vault guard hits you with a +0 battleaxe!
* * * LOW HITPOINT WARNING * * *
You hit the vault guard.
The vault guard is almost dead.
The vault guard hits you but does no damage.
You barely miss the vault guard.
The vault guard is almost dead.
You block the vault guard's attack.
You hit the vault guard.
The vault guard is almost dead.
The vault guard hits you but does no damage.
You barely miss the vault guard. Your bite misses the vault guard.
The vault guard is almost dead.
The vault guard hits you with a +0 battleaxe!
* * * LOW HITPOINT WARNING * * *
You hit the vault guard.
You bite the vault guard, but do no damage.
The vault guard is almost dead.
The vault guard hits you with a +0 battleaxe!
* * * LOW HITPOINT WARNING * * *
You barely miss the vault guard.
You bite the vault guard, but do no damage.
The vault guard is almost dead.
You block the vault guard's attack.
You closely miss the vault guard.
The vault guard is almost dead.
You block the vault guard's attack.
You barely miss the vault guard.
The vault guard is almost dead.
You block the vault guard's attack.
You sock the vault guard!
The vault guard is almost dead.
The vault guard hits you but does no damage.
You closely miss the vault guard.
The vault guard is almost dead.
The vault guard closely misses you.
You sock the vault guard!
You kill the vault guard!
Kikubaaqudgha accepts your kill.
Items here: ))) [[ †††.
Okay, then.
There is an open gate here.
N - 5 potions of might (gained 2)
You now have 1070 gold pieces (gained 14).
You pick up a book of the Earth and begin reading...
You add the spells Leda's Liquefaction, Lee's Rapid Deconstruction and Permafrost Eruption to your library.
There is an open gate here.
There is an open gate, spattered with blood here.
There is an open gate here.
There is an open gate here.
Items here: ) [ ÷÷÷÷.
There is an escape hatch in the floor here.
You open the door.
There is an open door here.
There is an open door here.
You open the door.
There is an open door here.
You now have 1088 gold pieces (gained 18).
There is an open door here.
There is a stone staircase leading down here.
You open the door.
A komodo dragon comes into view.
A komodo dragon is nearby!
A komodo dragon is nearby!
A komodo dragon is nearby!
There is an open door here.
You hit the komodo dragon but do no damage.
Your weapon exudes an aura of protection.
You bite the komodo dragon, but do no damage.
You block the komodo dragon's attack.
You sock the komodo dragon!
The komodo dragon is moderately wounded.
You block the komodo dragon's attack.
You hit the komodo dragon but do no damage.
You bite the komodo dragon.
The komodo dragon is moderately wounded.
You block the komodo dragon's attack.
You closely miss the komodo dragon.
The komodo dragon is moderately wounded.
You block the komodo dragon's attack.
You sock the komodo dragon!
The komodo dragon is heavily wounded.
The komodo dragon completely misses you.
You hit the komodo dragon.
The komodo dragon is severely wounded.
The komodo dragon bites you!
You hit the komodo dragon but do no damage.
The komodo dragon is severely wounded.
You block the komodo dragon's attack.
You closely miss the komodo dragon.
The komodo dragon is severely wounded.
You block the komodo dragon's attack.
You hit the komodo dragon but do no damage.
The komodo dragon is severely wounded.
You block the komodo dragon's attack.
You hit the komodo dragon but do no damage.
You bite the komodo dragon.
The komodo dragon is severely wounded.
You block the komodo dragon's attack.
You barely miss the komodo dragon.
The komodo dragon is severely wounded.
You block the komodo dragon's attack.
You sock the komodo dragon! Your bite misses the komodo dragon.
The komodo dragon is almost dead.
The komodo dragon bites you but does no damage.
You hit the komodo dragon.
The komodo dragon is almost dead.
The komodo dragon bites you!
You hit the komodo dragon.
You kill the komodo dragon!
Kikubaaqudgha accepts your kill.
Your Short Blades skill increases to level 8!
Your Long Blades skill increases to level 8!
Your Axes skill increases to level 8!
Your Polearms skill increases to level 8!
Your Staves skill increases to level 8!
Your Ranged Weapons skill increases to level 8!
Your Throwing skill increases to level 8!
Your Armour skill increases to level 8!
Your Stealth skill increases to level 8!
Your Shields skill increases to level 8!
Your Unarmed Combat skill increases to level 8!
Your Evocations skill increases to level 8!
No target in view!
No target in view!
Done exploring.
Done exploring.
Done exploring.
There is an open door here.
There is a stone staircase leading down here.
You climb downwards.
There is a stone staircase leading up here.
You open the door.
There is an open door here.
You open the door.
A cyclops and a catoblepas come into view.
There are monsters nearby!
You close the door.
There is an open door here.
You open the door.
There is an open door here.
You open the door.
There is an open door here.
You open the door.
There is an open door here.
You open the door.
Found a leather armour and a quarterstaff.
Found a stone staircase leading down.
A black bear and a vampire mosquito come into view.
Found a bubbling blue potion and 16 gold pieces.
The vampire mosquito buzzes angrily.
You hear an angry buzzing noise.
A vampire mosquito comes into view.
There is an open door here.
You swing at nothing.
You swing at nothing.
You barely miss the vampire mosquito. The vampire mosquito barely misses you.
You block the vampire mosquito's attack.
The black bear growls angrily.
You sock the vampire mosquito!
Your weapon exudes an aura of protection.
You bite the vampire mosquito, but do no damage.
The vampire mosquito is heavily damaged.
The vampire mosquito bites you but does no damage.
You block the vampire mosquito's attack.
You hit the vampire mosquito.
The vampire mosquito is heavily damaged.
The vampire mosquito misses you.
You block the vampire mosquito's attack.
You hit the vampire mosquito.
The vampire mosquito is severely damaged.
The vampire mosquito barely misses you. The vampire mosquito misses you.
You bludgeon the vampire mosquito!!
You destroy the vampire mosquito!
Kikubaaqudgha accepts your kill.
You block the vampire mosquito's attack.
You closely miss the vampire mosquito.
The vampire mosquito bites you but does no damage.
The vampire mosquito closely misses you.
You sock the vampire mosquito!
The vampire mosquito is severely damaged.
You block the vampire mosquito's attack.
You barely miss the vampire mosquito. Your bite misses the vampire mosquito.
The vampire mosquito is severely damaged.
The vampire mosquito bites you but does no damage.
You block the vampire mosquito's attack.
You bludgeon the vampire mosquito!!
You destroy the vampire mosquito!
Kikubaaqudgha accepts your kill.
You sock the black bear!
The black bear is moderately wounded.
You block the black bear's attack.
The black bear claws you but does no damage.
The black bear barely misses you.
You hit the black bear but do no damage.
The black bear is moderately wounded.
The black bear bites you but does no damage.
You block the black bear's attack.
The black bear claws you but does no damage.
You sock the black bear!
The black bear is severely wounded.
The black bear goes berserk!
You sock the black bear!
You kill the black bear!
Kikubaaqudgha accepts your kill.
You swing at nothing.
You swing at nothing.
You swing at nothing.
You swing at nothing.
You swing at nothing.
You swing at nothing.
You swing at nothing.
You swing at nothing.
You swing at nothing.
You swing at nothing.
You swing at nothing.
You swing at nothing.
You swing at nothing.
You swing at nothing.
There is an open door, spattered with blood here.
Things that are here:
a vampire mosquito corpse; a vampire mosquito corpse Your pack is full.
You see here a bubbling blue potion.
Your pack is full.
You see here a bubbling blue potion.
Okay, then.
You drop 58 poisoned darts.
h - a bubbling blue potion You see here a +0 leather armour.
You now have 1104 gold pieces (gained 16).
You open the door.
There is an open door here.
You open the door.
There is an open door here.
You open the door.
There is an open door here.
You open the door.
A deep elf pyromancer comes into view. It is wielding a +0 rapier.
Found an escape hatch in the floor.
There is an open door here.
A deep elf pyromancer is nearby!
A deep elf pyromancer is nearby!
The helpless deep elf pyromancer fails to defend itself.
You bludgeon the deep elf pyromancer!!
Your weapon exudes an aura of protection.
You bite the deep elf pyromancer.
The deep elf pyromancer is severely wounded.
You block the deep elf pyromancer's attack.
You barely miss the deep elf pyromancer.
The deep elf pyromancer is heavily wounded.
The deep elf pyromancer misses you.
You bludgeon the deep elf pyromancer!!
You kill the deep elf pyromancer!
Kikubaaqudgha accepts your kill.
You open the door. You open the door.
There is an open door here.
You open the door.
There is an open door here.
You now have 1114 gold pieces (gained 10).
You open the door.
There is an open door here.
As you open the door, it creaks loudly!
There is an open door here.
You open the door.
There is an open door here.
You open the door.
There is an open door here.
You open the door. 2 boggarts and 2 vampire mosquitoes come into view.
The boggart shouts!
A boggart comes into view.
A two-headed ogre comes into view. It is wielding two +0 giant clubs.
The boggart gestures wildly while chanting.
There are monsters nearby!
There is an open door here.
The vampire mosquito attacks as it pursues you!
You block the vampire mosquito's attack.
The vampire mosquito completely misses you.
You block the vampire mosquito's attack.
There is an open door here.
The vampire mosquito bites you but does no damage.
You block the vampire mosquito's attack.
You hit the vampire mosquito.
Your weapon exudes an aura of protection.
Your bite misses the vampire mosquito.
The vampire mosquito is lightly damaged.
You block the vampire mosquito's attack.
The vampire mosquito bites you but does no damage.
The boggart casts a spell.
You hit the vampire mosquito. Your bite misses the vampire mosquito.
The vampire mosquito is lightly damaged.
The vampire mosquito closely misses you.
The meliai mumbles some strange prayers to its god against you.
Something smites you!
The boggart casts a spell.
The boggart flickers and vanishes!
Deactivating autopickup; reactivate with Ctrl-A.
You block the vampire mosquito's attack.
The air fills with toxic fumes!
As you read the scroll of poison, it crumbles to dust.
You block the vampire mosquito's attack.
The meliai calls down the wrath of its god upon you.
Something smites you!
You block the vampire mosquito's attack.
You sock the vampire mosquito!
The vampire mosquito is severely damaged.
You block the vampire mosquito's attack. x2
You miss the vampire mosquito.
The vampire mosquito is severely damaged.
You block the vampire mosquito's attack.
You sock the vampire mosquito!
You destroy the vampire mosquito!
Kikubaaqudgha accepts your kill.
The meliai invokes the aid of its god against you.
Something smites you!
Aiming: Iceblast
Press: ? - help, Shift-Dir - straight line, f - meliai
Aim: a meliai, wielding a +0 hand axe and wearing a +0 robe (summoned)
The mass of ice explodes!
The iceblast engulfs the meliai!!
The meliai is almost dead.
You hear two shouts!
You hear a shout!
Aiming: Mindburst
Press: ? - help, Shift-Dir - straight line, f/p - meliai
Aim: a meliai, wielding a +0 hand axe and wearing a +0 robe (almost dead, summoned, chance to affect: 87%)
The meliai's mind is blasted!!
You blow up the meliai!
The meliai's corpse dissolves into shadows!
The meliai calls down the wrath of its god upon you.
Something smites you!
You see here a vampire mosquito corpse.
Aiming: Iceblast
Press: ? - help, Shift-Dir - straight line The mass of ice explodes!
The iceblast engulfs something!!
Kikubaaqudgha accepts your kill.
Reactivating autopickup.
You feel a bit more experienced.
You hear an angry buzzing noise.
You see here a vampire mosquito corpse.
You close the door.
You start resting.
HP restored.
You start waiting.
A boggart opens the door.
You see here a vampire mosquito corpse.
The boggart shouts! x2; The vampire mosquito buzzes angrily.
You thump the boggart!
Your weapon exudes an aura of protection.
The boggart is severely wounded.
The boggart hits you but does no damage.
You closely miss the boggart. Your bite misses the boggart.
The boggart is severely wounded.
The boggart barely misses you.
You bludgeon the boggart!!
You kill the boggart!
Kikubaaqudgha accepts your kill. The vampire mosquito bites you.
The vampire mosquito draws strength from your injuries!
You barely miss the vampire mosquito.
You block the vampire mosquito's attack.
The vampire mosquito bites you but does no damage.
You hit the vampire mosquito.
The vampire mosquito is lightly damaged.
You block the vampire mosquito's attack.
The boggart mumbles some strange words.
You closely miss the vampire mosquito.
The vampire mosquito is lightly damaged.
You block the vampire mosquito's attack.
The vampire mosquito misses you.
You sock the vampire mosquito!
The vampire mosquito is heavily damaged.
The vampire mosquito completely misses you.
You block the vampire mosquito's attack.
You closely miss the vampire mosquito. Your bite misses the vampire mosquito.
The vampire mosquito is heavily damaged.
The vampire mosquito bites you!
The vampire mosquito draws strength from your injuries!
The boggart gestures wildly while chanting.
The vampire mosquito bites you but does no damage.
You hit the vampire mosquito.
You bite the vampire mosquito, but do no damage.
The vampire mosquito is heavily damaged.
You block the vampire mosquito's attack.
The vampire mosquito bites you but does no damage.
You barely miss the vampire mosquito.
The vampire mosquito is heavily damaged.
You block the vampire mosquito's attack.
The vampire mosquito completely misses you.
You thump the vampire mosquito!
The vampire mosquito is almost destroyed.
The vampire mosquito misses you.
You hit the manticore.
The manticore is lightly wounded.
You hit the manticore. Your bite misses the manticore.
The manticore is lightly wounded.
The manticore barely misses you.
The manticore claws you but does no damage.
The manticore claws you.
You barely miss the manticore. Your bite misses the manticore.
The manticore is lightly wounded.
You block the manticore's attack. x2; The manticore misses you.
You sock the manticore! Your bite misses the manticore.
The manticore is heavily wounded.
The boggart gestures wildly while chanting.
The boggart flickers and vanishes!
Deactivating autopickup; reactivate with Ctrl-A.
The manticore closely misses you. You block the manticore's attack. x2
You hit the manticore.
The manticore is heavily wounded.
You block the manticore's attack.
The manticore claws you but does no damage.
You block the manticore's attack.
You bludgeon the manticore!!
The manticore is almost dead.
You block the manticore's attack. x3
You bludgeon the manticore!!
You kill the manticore!
The manticore's corpse dissolves into shadows!
You sock the manticore!
The manticore is moderately wounded.
You hear some strange, mumbled words.
You closely miss the manticore.
The manticore is moderately wounded.
The manticore closely misses you. You block the manticore's attack. x2
You hit the manticore but do no damage.
The manticore is moderately wounded.
The manticore bites you but does no damage.
The manticore completely misses you. x2
You thump the manticore!
The manticore is heavily wounded.
The manticore barely misses you. The manticore misses you.
You block the manticore's attack.
You sock the manticore!
The manticore is heavily wounded.
You block the manticore's attack.
The manticore claws you but does no damage.
You block the manticore's attack.
You hear some strange, mumbled words.
You barely miss the manticore.
You bite the manticore, but do no damage.
The manticore is heavily wounded.
The manticore barely misses you. You block the manticore's attack.
The manticore closely misses you.
You thump the manticore! Your bite misses the manticore.
The manticore is almost dead.
You block the manticore's attack. The manticore barely misses you.
You block the manticore's attack.
You thump the manticore!
You kill the manticore!
The manticore's corpse dissolves into shadows!
The centaur warrior wields a +0 orcbow.
The centaur warrior shoots an arrow.
The arrow hits you!
You hear some strange, mumbled words.
You block the vampire mosquito's attack.
The cyan ugly thing basks in the mutagenic energy from its kin and changes!
The cyan ugly thing basks in the mutagenic energy from its kin and changes!
The centaur warrior shoots an arrow.
You block the arrow with an invisible shield... and reflect it back!
The arrow hits the centaur warrior!!
The centaur warrior shoots an arrow.
You block the arrow with an invisible shield... and reflect it back!
The arrow hits the four-headed hydra!!
You hear a horrible gurgling sound!
The centaur warrior shoots an arrow.
The arrow barely misses you.
The centaur warrior shoots an arrow.
The arrow closely misses you.
There is an open door here.
The centaur warrior shoots an arrow.
You block the arrow with an invisible shield... and reflect it back!
The arrow hits the centaur warrior!!
There is an open door here.
Found 4 stones.
A laughing skull comes into view.
Found 20 gold pieces.
The laughing skull gives a hideous shriek!
A laughing skull comes into view.
The laughing skull gibbers with scorn.
The bolt of negative energy hits you!!
You feel drained.
The laughing skull gibbers with scorn.
The bolt of negative energy misses you.
You open the door.
The four-headed hydra attacks as it pursues you!
The four-headed hydra bites you!
You block the four-headed hydra's attack.
The four-headed hydra bites you!
You block the four-headed hydra's attack.
There is an open door, spattered with blood here.
Aiming: Charm
Press: ? - help, Shift-Dir - straight line, f - four-headed hydra
Aim: a four-headed hydra (lightly wounded, summoned, chance to affect: 32%)
Okay, then.
Okay, then.
Okay, then.
Aiming: Polymorph
Press: ? - help, Shift-Dir - straight line, f - four-headed hydra
Aim: a four-headed hydra (lightly wounded, summoned, will become a fire dragon, a spark wasp, or a goliath frog, chance to affect: 32%)
Okay, then.
Unknown command.
Okay, then.
Blink to where?
Press: ? - help, Dir - move target
As you read the scroll of blinking, it crumbles to dust.
You climb upwards.
Reactivating autopickup.
There is a stone staircase leading down here.
You start resting.
HP restored.
There is an open door here.
There is a stone staircase leading down here.
You climb downwards.
Found 7 stones and 4 boomerangs.
There is a stone staircase leading up here.
f - 14 boomerangs (gained 4)
You open the door.
There is an open door here.
You open the door.
Found a flail.
You throw a boomerang. The two-headed ogre shouts in stereo!
The boomerang hits the two-headed ogre but does no damage.
You sock the two-headed ogre!
Your weapon exudes an aura of protection.
You bite the two-headed ogre, but do no damage.
The two-headed ogre is moderately wounded.
The two-headed ogre hits you but does no damage. x2
You thump the two-headed ogre!
The two-headed ogre is heavily wounded.
The two-headed ogre completely misses you.
The two-headed ogre hits you with a +0 giant club.
You thump the two-headed ogre! Your bite misses the two-headed ogre.
The two-headed ogre is severely wounded.
A boulder beetle comes into view.
You thump the two-headed ogre!
The two-headed ogre is almost dead.
The boulder beetle leaps!
You block the two-headed ogre's attack. The two-headed ogre barely misses you.
You barely miss the two-headed ogre.
The two-headed ogre is almost dead.
You block the two-headed ogre's attack. x2
You hit the two-headed ogre.
The two-headed ogre is almost dead.
You sock the two-headed ogre!
You kill the two-headed ogre!
Kikubaaqudgha accepts your kill.
Your life force feels restored.
You have reached level 13!
A boulder beetle is nearby!
You throw a boomerang.
The boomerang hits the boulder beetle but does no damage.
The boulder beetle curls into a ball and begins rolling!
You throw a boomerang.
The boomerang hits the boulder beetle but does no damage.
You throw a boomerang. The boomerang hits the boulder beetle.
The boulder beetle is lightly wounded.
You throw a boomerang.
The boomerang hits the boulder beetle but does no damage.
The boulder beetle is lightly wounded.
You throw a boomerang.
The boomerang hits the boulder beetle but does no damage.
The boulder beetle hits you!!
The boulder beetle stops rolling and uncurls.
You completely miss the boulder beetle.
You bite the boulder beetle, but do no damage.
You block the boulder beetle's attack.
You hit the boulder beetle.
Your weapon exudes an aura of protection.
The boulder beetle is lightly wounded.
You block the boulder beetle's attack.
You hit the boulder beetle but do no damage.
The boulder beetle is lightly wounded.
The boulder beetle waves its antennae.
You block the boulder beetle's attack.
You sock the boulder beetle!
The boulder beetle is lightly wounded.
You block the boulder beetle's attack.
You hit the boulder beetle but do no damage.
The boulder beetle is lightly wounded.
The boulder beetle closely misses you.
You thump the boulder beetle!
The boulder beetle is moderately wounded.
You block the boulder beetle's attack.
You hit the boulder beetle but do no damage.
The boulder beetle is moderately wounded.
You block the boulder beetle's attack.
You hit the boulder beetle but do no damage.
The boulder beetle is moderately wounded.
The boulder beetle completely misses you.
You hit the boulder beetle.
The boulder beetle is moderately wounded.
The boulder beetle bites you but does no damage.
You hit the boulder beetle but do no damage.
You bite the boulder beetle, but do no damage.
The boulder beetle is moderately wounded.
The boulder beetle leaps!
You block the boulder beetle's attack.
You hit the boulder beetle.
The boulder beetle is moderately wounded.
You block the boulder beetle's attack.
You hit the boulder beetle but do no damage.
The boulder beetle is moderately wounded.
The boulder beetle closely misses you.
You sock the boulder beetle!
The boulder beetle is heavily wounded.
The boulder beetle leaps!
There is a stone staircase leading up here.
The boulder beetle leaps!
You climb upwards.
There is a stone staircase leading down here.
You start resting.
HP restored.
You climb downwards.
The boulder beetle bites you!
There is a stone staircase leading up here.
You hit the boulder beetle but do no damage.
Your weapon exudes an aura of protection.
You block the boulder beetle's attack.
You hit the boulder beetle but do no damage.
The boulder beetle bites you but does no damage.
You hit the boulder beetle.
The boulder beetle is lightly wounded.
You block the boulder beetle's attack.
You barely miss the boulder beetle.
The boulder beetle is lightly wounded.
You block the boulder beetle's attack.
You hit the boulder beetle.
The boulder beetle is lightly wounded.
You block the boulder beetle's attack.
You sock the boulder beetle!
The boulder beetle is moderately wounded.
You block the boulder beetle's attack.
You sock the boulder beetle!
The boulder beetle is heavily wounded.
You block the boulder beetle's attack.
You sock the boulder beetle!
You bite the boulder beetle, but do no damage.
The boulder beetle is heavily wounded.
The boulder beetle leaps!
The boulder beetle curls into a ball and begins rolling!
The boulder beetle barely misses you.
The boulder beetle stops rolling and uncurls.
You sock the boulder beetle!
The boulder beetle is severely wounded.
You block the boulder beetle's attack.
You hit the boulder beetle but do no damage.
You bite the boulder beetle, but do no damage.
The boulder beetle is severely wounded.
The boulder beetle leaps!
The boulder beetle bites you!
You barely miss the boulder beetle.
You bite the boulder beetle, but do no damage.
The boulder beetle is severely wounded.
You hit the boulder beetle.
You bite the boulder beetle, but do no damage.
The boulder beetle is severely wounded.
You block the boulder beetle's attack.
You hit the boulder beetle but do no damage.
You bite the boulder beetle, but do no damage.
The boulder beetle is severely wounded.
You block the boulder beetle's attack.
You hit the boulder beetle but do no damage.
The boulder beetle is severely wounded.
You block the boulder beetle's attack.
You hit the boulder beetle but do no damage.
The boulder beetle is severely wounded.
You block the boulder beetle's attack.
You hit the boulder beetle but do no damage.
The boulder beetle is severely wounded.
The boulder beetle bites you but does no damage.
You hit the boulder beetle but do no damage.
You bite the boulder beetle, but do no damage.
The boulder beetle is severely wounded.
The boulder beetle misses you.
You hit the boulder beetle but do no damage.
You bite the boulder beetle, but do no damage.
The boulder beetle is severely wounded.
The boulder beetle bites you.
You hit the boulder beetle but do no damage.
The boulder beetle is heavily wounded.
The boulder beetle bites you.
You hit the boulder beetle.
The boulder beetle is severely wounded.
The boulder beetle leaps!
You thump the boulder beetle!
The boulder beetle is severely wounded.
You block the boulder beetle's attack.
You sock the boulder beetle!
The boulder beetle is almost dead.
You block the boulder beetle's attack.
You hit the boulder beetle but do no damage.
The boulder beetle is almost dead.
The boulder beetle barely misses you.
You hit the boulder beetle.
The boulder beetle is almost dead.
The boulder beetle leaps!
The boulder beetle leaps!
No target in view!
No target in view!
No target in view!
A boulder beetle is nearby!
There is an open door here.
You thump the boulder beetle!
Your weapon exudes an aura of protection.
You kill the boulder beetle!
Kikubaaqudgha accepts your kill.
You hear chittering from your sack of spiders.
It's ready.
Your Invocations skill increases to level 9!
No target in view!
No target in view!
HP restored.
There is an open door here.
There is an open door, spattered with blood here.
Things that are here:
a +0 giant club; a +0 giant club
Found a potion of degeneration.
You see here a +0 flail.
There is an open door here.
You now have 1118 gold pieces (gained 4).
There is an open door here.
There is an open door here.
You open the door.
There is an open door here.
A manticore comes into view.
There is an open door here.
A manticore is nearby!
You throw a boomerang. The boomerang hits the manticore!
The manticore is moderately wounded.
The manticore flicks its tail.
The volley of spikes misses you.
You throw a boomerang. The boomerang hits the manticore!!
The manticore is severely wounded.
You throw a boomerang.
The boomerang hits the manticore but does no damage.
The manticore is severely wounded.
You throw a boomerang. The boomerang hits the manticore.
The manticore is severely wounded.
The manticore flicks its tail.
The volley of spikes skewers you!
Barbed spikes become lodged in your body.
You throw a boomerang.
The boomerang hits the manticore but does no damage.
The manticore is severely wounded.
You throw a boomerang. The boomerang hits the manticore!
The manticore is almost dead.
You throw a boomerang. The boomerang hits the manticore.
The manticore is almost dead.
You bludgeon the manticore!!
Your weapon exudes an aura of protection.
You kill the manticore!
Kikubaaqudgha accepts your kill.
No target in view!
You carefully extract the barbed spikes from your body.
There is an open door here.
There is an open door here.
You open the door.
There is an open door here.
Found a robe.
You see here a +0 robe.
You open the door.
There is an open door here.
There are monsters nearby!
You throw a boomerang.
The boomerang closely misses the laughing skull.
The laughing skull gives a hideous shriek!
You throw a boomerang.
The boomerang misses the laughing skull.
The laughing skull lets out a vicious peal of laugher.
The bolt of negative energy misses you.
The laughing skull lets out a vicious peal of laugher.
The bolt of negative energy hits you!!
You feel drained.
You throw a boomerang. The boomerang hits the laughing skull!
The laughing skull is severely damaged.
You throw a boomerang.
The boomerang barely misses the laughing skull.
The laughing skull gibbers with scorn.
The bolt of negative energy hits you!!
You feel drained. You block the laughing skull's attack.
You are too injured to fight recklessly!
You are too injured to fight recklessly!
You are too injured to fight recklessly!
You are too injured to fight recklessly!
You sock the laughing skull!
Your weapon exudes an aura of protection.
You destroy the laughing skull!
Kikubaaqudgha accepts your kill. The laughing skull closely misses you.
You barely miss the laughing skull.
The laughing skull headbutts you but does no damage.
You miss the laughing skull.
The laughing skull completely misses you.
You block the laughing skull's attack.
You hit the laughing skull but do no damage.
The laughing skull headbutts you but does no damage.
You closely miss the laughing skull. Your bite misses the laughing skull.
You block the laughing skull's attack. x2
You hit the laughing skull.
The laughing skull is lightly damaged.
You block the laughing skull's attack.
You closely miss the laughing skull.
The laughing skull is lightly damaged.
The laughing skull closely misses you. You block the laughing skull's attack.
You hit the laughing skull. Your bite misses the laughing skull.
The laughing skull is moderately damaged.
The laughing skull headbutts you.
You completely miss the laughing skull.
The laughing skull is moderately damaged.
The laughing skull headbutts you but does no damage.
The laughing skull gibbers with scorn.
The bolt of negative energy misses you.
You closely miss the laughing skull.
The laughing skull is moderately damaged.
The laughing skull barely misses you.
You barely miss the laughing skull. Your bite misses the laughing skull.
The laughing skull is moderately damaged.
The laughing skull lets out a vicious peal of laugher.
The bolt of negative energy misses you. The laughing skull misses you.
You hit the laughing skull.
The laughing skull is moderately damaged.
The laughing skull headbutts you.
You sock the laughing skull! Your bite misses the laughing skull.
The laughing skull is severely damaged.
The laughing skull headbutts you.
You thump the laughing skull!
You destroy the laughing skull!
Kikubaaqudgha accepts your kill.
There is an open door here.
There is an open door here.
There is an open door here.
You open the door.
A vampire mosquito is nearby!
A vampire mosquito is nearby!
A vampire mosquito is nearby!
You throw a boomerang.
The boomerang barely misses the vampire mosquito.
The vampire mosquito buzzes angrily.
You throw a boomerang.
The boomerang barely misses the vampire mosquito.
You throw a boomerang.
The boomerang barely misses the vampire mosquito.
You throw a boomerang.
The boomerang closely misses the vampire mosquito.
You block the vampire mosquito's attack.
You bludgeon the vampire mosquito!!
Your weapon exudes an aura of protection.
The vampire mosquito is severely damaged.
You block the vampire mosquito's attack. x2
You sock the vampire mosquito!
You destroy the vampire mosquito!
Kikubaaqudgha accepts your kill.
No target in view!
No target in view!
There is an open door here.
There is an open door, spattered with blood here.
Found a chain mail.
You now have 1138 gold pieces (gained 20).
Found a helmet.
Found a stone staircase leading up.
You see here a +0 chain mail.
o - 6 potions of heal wounds (gained 2)
You open the door.
There is an open door here.
You open the huge gate.
There is a huge open gate here.
You open the door.
There is an open door here.
You open the door.
The catoblepas bellows!
The cyclops shouts!
Found a stone staircase leading down.
The catoblepas breathes a plume of calcifying dust at you.
The blast of calcifying dust hits you but does no damage.
You throw a boomerang. The boomerang hits the catoblepas!
The catoblepas is lightly wounded.
You throw a boomerang. The boomerang hits the catoblepas!
The catoblepas is moderately wounded.
The cyclops stops moving altogether!
You sock the catoblepas!
Your weapon exudes an aura of protection.
You bite the catoblepas, but do no damage.
The catoblepas is heavily wounded.
You block the catoblepas's attack.
You hit the catoblepas but do no damage.
You bite the catoblepas, but do no damage.
The catoblepas is heavily wounded.
The catoblepas gores you!!
You hit the catoblepas but do no damage.
You bite the catoblepas, but do no damage.
The catoblepas is heavily wounded.
You block the catoblepas's attack.
You barely miss the catoblepas.
The catoblepas is heavily wounded.
The catoblepas completely misses you.
You hit the catoblepas.
The catoblepas is heavily wounded.
The catoblepas breathes a plume of calcifying dust at you.
The blast of calcifying dust hits you but does no damage.
There is an open door here.
You sock the catoblepas!
You bite the catoblepas, but do no damage.
The catoblepas is severely wounded.
You block the catoblepas's attack.
You barely miss the catoblepas.
You bite the catoblepas, but do no damage.
The catoblepas is severely wounded.
You block the catoblepas's attack.
You hit the catoblepas.
The catoblepas is severely wounded.
The catoblepas breathes a plume of calcifying dust at you.
The blast of calcifying dust hits you.
You sock the catoblepas!
The catoblepas is severely wounded.
The catoblepas gores you!
You are too injured to fight recklessly!
You are too injured to fight recklessly!
You are too injured to fight recklessly!
You completely miss the catoblepas.
The catoblepas is severely wounded.
The catoblepas breathes a plume of calcifying dust at you.
The blast of calcifying dust hits you.
The catoblepas attacks as it pursues you!
The catoblepas gores you but does no damage.
You hit the catoblepas.
The catoblepas is severely wounded.
The catoblepas misses you.
You hit the catoblepas.
The catoblepas is almost dead.
You block the catoblepas's attack.
You sock the catoblepas!
The catoblepas is almost dead.
The catoblepas breathes a plume of calcifying dust at you.
The blast of calcifying dust hits you but does no damage.
You hit the catoblepas but do no damage.
The catoblepas is almost dead.
The catoblepas gores you!!
* * * LOW HITPOINT WARNING * * *
You hit the catoblepas.
You bite the catoblepas, but do no damage.
The catoblepas is almost dead.
The catoblepas gores you.
* * * LOW HITPOINT WARNING * * *
You hit the catoblepas.
You bite the catoblepas, but do no damage.
The catoblepas is almost dead.
The catoblepas gores you but does no damage.
The cyclops is engulfed in calcifying dust.
The cyclops is moving more slowly.
You block the cyclops's attack.
You hit the catoblepas but do no damage.
The catoblepas is almost dead.
The catoblepas misses you.
You hit the catoblepas.
The catoblepas is almost dead.
The cyclops hits you!!
* * * LOW HITPOINT WARNING * * *
The catoblepas gores you!
You die...
Kikubaaqudgha rasps: You have failed me!
Welcome... death!

......♣...###(#######........'.
###.#...PP..# #.# #........##
..........## #.# #####'####
#'#####..## #.# #..# #..#.....#
#.# ##.# ###.#[##### #.# #.#
......# #.# ##+# ..<...#
######+#### .....
......####......@Y.#####.......
......##.'.§§..§.C.#§..'C.......
.........#.........'.###.........
......####.........### #.........
......# ####...'### #.........
####### ##'''# ...
#######...##### >.
###.#.#...##§.. #
##○..##.ß.#.§§§.


You could see a catoblepas and a cyclops (petrifying).

Vanquished Creatures
  Snorg (D:12)
  A vault guard (D:13)
  2 centaur warriors
  A boulder beetle (D:14)
  4 two-headed ogres
  A tengu warrior (D:13)
  3 arcanists (D:13)
  A necromancer (D:13)
  2 deep elf pyromancers
  2 manticores
  A cyclops (D:9)
  2 cane toads (D:12)
  A komodo dragon (D:13)
  An unseen horror (D:13)
  4 kobold demonologists
  A troll (D:10)
  Grinder (D:3)
  A hornet (D:10)
  Sigmund (D:4)
  2 shadows
  A wyvern (D:6)
  A vampire (D:12)
  16 humans (D:13)
  2 wraiths
  5 yaks (D:9)
  7 vampire mosquitoes
  An acid dragon (D:8)
  Edmund (D:4)
  3 water moccasins
  2 sky beasts
  A black bear (shapeshifter) (D:14)
  2 laughing skulls (D:14)
  5 orc warriors
  4 ogres
  2 boggarts (D:14)
  5 centaurs
  6 kobold brigands
  A brain worm (Sewer)
  3 scorpions
  7 bullfrogs
  A gnoll sergeant (D:9)
  9 wights
  5 killer bees (D:10)
  A bombardier beetle (D:5)
  A howler monkey (D:6)
  6 orc priests
  3 hounds
  A sleepcap (D:7)
  A gnoll bouda (D:8)
  3 iguanas
  15 orc wizards
  2 hell rats (D:7)
  13 gnolls
  9 adders
  14 river rats
  2 white imps
  2 ufetubi (D:7)
  3 ribbon worms
  2 dart slugs (Sewer)
  50 orcs
  10 ball pythons
  2 endoplasms (D:1)
  5 giant cockroaches (Sewer)
  8 goblins
  4 hobgoblins
  11 jackals
  29 kobolds
  15 quokkas
  14 bats
  2 frilled lizards
  23 rats
374 creatures vanquished.

Vanquished Creatures (collateral kills)
  An arcanist (D:13)
  A yaktaur (D:13)
  A human (D:13)
3 creatures vanquished.

Vanquished Creatures (others)
  A vault guard (D:13)
  A sky beast (D:8)
2 creatures vanquished.

Grand Total: 379 creatures vanquished

Notes
Turn   | Place    | Note
-------+----------+-------------------------------------------
     0 | D:1      | sleeves the Gnoll Reaver began the quest for the Orb.
     0 | D:1      | Reached XP level 1. HP: 20/20 MP: 6/6
   105 | D:1      | Reached XP level 2. HP: 21/26 MP: 7/7
   355 | D:1      | Reached skill level 5 in Spellcasting
   355 | D:1      | Reached XP level 3. HP: 29/31 MP: 7/9
   909 | D:2      | Found a faded altar of an unknown god.
   925 | D:2      | Reached skill level 1 in Invocations
  1377 | D:2      | Reached skill level 1 in Short Blades
  1377 | D:2      | Reached skill level 1 in Long Blades
  1377 | D:2      | Reached skill level 1 in Axes
  1377 | D:2      | Reached skill level 1 in Polearms
  1377 | D:2      | Reached skill level 1 in Staves
  1377 | D:2      | Reached skill level 1 in Ranged Weapons
  1377 | D:2      | Reached skill level 1 in Throwing
  1377 | D:2      | Reached skill level 1 in Armour
  1377 | D:2      | Reached skill level 1 in Stealth
  1377 | D:2      | Reached skill level 1 in Shields
  1377 | D:2      | Reached skill level 1 in Unarmed Combat
  1377 | D:2      | Reached skill level 1 in Evocations
  1401 | D:2      | Found Gaopsix's Distillery.
  1410 | D:2      | Bought a potion of curing for 42 gold pieces
  1514 | D:3      | Reached skill level 1 in Shapeshifting
  1514 | D:3      | Reached XP level 4. HP: 24/38 MP: 11/11
  1630 | D:3      | Reached skill level 1 in Hexes
  1630 | D:3      | Reached skill level 1 in Summonings
  1630 | D:3      | Reached skill level 1 in Necromancy
  1630 | D:3      | Reached skill level 1 in Translocations
  1630 | D:3      | Reached skill level 1 in Fire Magic
  1630 | D:3      | Reached skill level 1 in Ice Magic
  1630 | D:3      | Reached skill level 1 in Air Magic
  1630 | D:3      | Reached skill level 1 in Earth Magic
  1630 | D:3      | Reached skill level 1 in Alchemy
  1668 | D:3      | Found a blossoming altar of Fedhas.
  1748 | D:3      | Found a glowing drain.
  1754 | Sewer    | Entered a sewer
  1787 | Sewer    | Reached XP level 5. HP: 43/43 MP: 12/12
  1947 | Sewer    | Reached skill level 2 in Invocations
  2049 | Sewer    | Reached XP level 6. HP: 46/50 MP: 13/13
  2217 | Sewer    | Reached skill level 5 in Fighting
  2217 | Sewer    | Reached skill level 5 in Dodging
  2497 | D:3      | Identified the +1 ring mail "Ocath" {rF- rC+ Will+++}
  2497 | D:3      | Noticed Grinder
  2567 | D:3      | Killed Grinder
  2568 | D:3      | Reached skill level 2 in Short Blades
  2568 | D:3      | Reached skill level 2 in Long Blades
  2568 | D:3      | Reached skill level 2 in Axes
  2568 | D:3      | Reached skill level 7 in Maces & Flails
  2568 | D:3      | Reached skill level 2 in Polearms
  2568 | D:3      | Reached skill level 2 in Staves
  2568 | D:3      | Reached skill level 2 in Ranged Weapons
  2568 | D:3      | Reached skill level 2 in Throwing
  2568 | D:3      | Reached skill level 2 in Armour
  2568 | D:3      | Reached skill level 2 in Stealth
  2568 | D:3      | Reached skill level 2 in Shields
  2568 | D:3      | Reached skill level 2 in Unarmed Combat
  2568 | D:3      | Reached skill level 2 in Evocations
  2568 | D:3      | Reached skill level 2 in Shapeshifting
  2568 | D:3      | Reached XP level 7. HP: 38/56 MP: 15/15
  3110 | D:4      | Found a staircase to the Ecumenical Temple.
  3160 | Temple   | Entered the Ecumenical Temple
  3195 | Temple   | Became a worshipper of Kikubaaqudgha
  3312 | D:4      | Reached skill level 2 in Hexes
  3312 | D:4      | Reached skill level 2 in Summonings
  3312 | D:4      | Reached skill level 2 in Necromancy
  3312 | D:4      | Reached skill level 2 in Translocations
  3312 | D:4      | Reached skill level 2 in Fire Magic
  3312 | D:4      | Reached skill level 2 in Ice Magic
  3312 | D:4      | Reached skill level 2 in Air Magic
  3312 | D:4      | Reached skill level 2 in Earth Magic
  3312 | D:4      | Reached skill level 2 in Alchemy
  3362 | D:4      | HP: 20/56 [iguana (9)]
  3720 | D:4      | Noticed Edmund
  3721 | D:4      | Noticed Sigmund
  3757 | D:4      | Killed Edmund
  3758 | D:4      | Reached skill level 3 in Invocations
  3846 | D:4      | Killed Sigmund
  3847 | D:4      | Reached skill level 6 in Conjurations
  4076 | D:5      | Entered Level 5 of the Dungeon
  4090 | D:5      | Reached skill level 3 in Short Blades
  4090 | D:5      | Reached skill level 3 in Long Blades
  4090 | D:5      | Reached skill level 3 in Axes
  4090 | D:5      | Reached skill level 3 in Polearms
  4090 | D:5      | Reached skill level 3 in Staves
  4090 | D:5      | Reached skill level 3 in Ranged Weapons
  4090 | D:5      | Reached skill level 3 in Throwing
  4090 | D:5      | Reached skill level 3 in Armour
  4090 | D:5      | Reached skill level 3 in Stealth
  4090 | D:5      | Reached skill level 3 in Shields
  4090 | D:5      | Reached skill level 3 in Unarmed Combat
  4090 | D:5      | Reached skill level 3 in Evocations
  4090 | D:5      | Reached XP level 8. HP: 63/63 MP: 16/16
  4242 | D:5      | Reached skill level 6 in Spellcasting
  4327 | D:5      | Found a stormy altar of Qazlal.
  4362 | D:5      | Reached skill level 3 in Shapeshifting
  4365 | D:5      | Reached * piety under Kikubaaqudgha
  4365 | D:5      | Received a gift from Kikubaaqudgha
  5175 | D:6      | Reached skill level 3 in Hexes
  5175 | D:6      | Reached skill level 3 in Summonings
  5175 | D:6      | Reached skill level 3 in Necromancy
  5175 | D:6      | Reached skill level 3 in Translocations
  5175 | D:6      | Reached skill level 3 in Fire Magic
  5175 | D:6      | Reached skill level 3 in Ice Magic
  5175 | D:6      | Reached skill level 3 in Air Magic
  5175 | D:6      | Reached skill level 3 in Earth Magic
  5175 | D:6      | Reached skill level 3 in Alchemy
  5175 | D:6      | Reached skill level 4 in Invocations
  5177 | D:6      | Reached skill level 6 in Fighting
  5177 | D:6      | Reached skill level 6 in Dodging
  5178 | D:6      | HP: 32/64 [poisoned by a water moccasin]
  5306 | D:6      | Noticed a wyvern
  5324 | D:6      | Killed a wyvern
  5365 | D:6      | Reached XP level 9. HP: 69/69 MP: 18/18
  5407 | D:6      | Reached skill level 4 in Short Blades
  5407 | D:6      | Reached skill level 4 in Long Blades
  5407 | D:6      | Reached skill level 4 in Axes
  5407 | D:6      | Reached skill level 4 in Polearms
  5407 | D:6      | Reached skill level 4 in Staves
  5407 | D:6      | Reached skill level 4 in Ranged Weapons
  5407 | D:6      | Reached skill level 4 in Throwing
  5407 | D:6      | Reached skill level 4 in Armour
  5407 | D:6      | Reached skill level 4 in Stealth
  5407 | D:6      | Reached skill level 4 in Shields
  5407 | D:6      | Reached skill level 4 in Unarmed Combat
  5407 | D:6      | Reached skill level 4 in Evocations
  5859 | D:6      | Found a hazy altar of Hepliaklqana.
  6128 | D:7      | Got Sif Muna's Enchiridion on Seismic Fever
  6161 | D:7      | Reached ** piety under Kikubaaqudgha
  6176 | D:7      | HP: 35/70 [poisoned by a kobold]
  6311 | D:7      | Found an ornate altar of the Wu Jian Council.
  6423 | D:7      | Reached skill level 8 in Maces & Flails
  6423 | D:7      | Reached skill level 4 in Shapeshifting
  6835 | D:7      | Noticed a manticore
  6849 | D:7      | HP: 32/71 [manticore (6)]
  6854 | D:7      | HP: 16/71 [manticore (9)]
  6855 | D:7      | HP: 6/71 [manticore (11)]
  6857 | D:7      | Killed a manticore
  6858 | D:7      | Reached skill level 5 in Invocations
  6862 | D:7      | HP: 18/71 [rat (1)]
  6872 | D:7      | Reached skill level 7 in Spellcasting
  6873 | D:7      | HP: 20/71 [quokka (2)]
  6878 | D:7      | HP: 15/71 [hell rat (6)]
  7131 | D:7      | Reached skill level 4 in Hexes
  7131 | D:7      | Reached skill level 4 in Summonings
  7131 | D:7      | Reached skill level 4 in Necromancy
  7131 | D:7      | Reached skill level 4 in Translocations
  7131 | D:7      | Reached skill level 4 in Fire Magic
  7131 | D:7      | Reached skill level 4 in Ice Magic
  7131 | D:7      | Reached skill level 4 in Air Magic
  7131 | D:7      | Reached skill level 4 in Earth Magic
  7131 | D:7      | Reached skill level 4 in Alchemy
  7203 | D:7      | Reached *** piety under Kikubaaqudgha
  7203 | D:7      | Received a gift from Kikubaaqudgha
  7507 | D:8      | Reached skill level 5 in Short Blades
  7507 | D:8      | Reached skill level 5 in Long Blades
  7507 | D:8      | Reached skill level 5 in Axes
  7507 | D:8      | Reached skill level 5 in Polearms
  7507 | D:8      | Reached skill level 5 in Staves
  7507 | D:8      | Reached skill level 5 in Ranged Weapons
  7507 | D:8      | Reached skill level 5 in Throwing
  7507 | D:8      | Reached skill level 5 in Armour
  7507 | D:8      | Reached skill level 5 in Stealth
  7507 | D:8      | Reached skill level 5 in Shields
  7507 | D:8      | Reached skill level 5 in Unarmed Combat
  7507 | D:8      | Reached skill level 5 in Evocations
  7507 | D:8      | Reached XP level 10. HP: 77/77 MP: 20/20
  7672 | D:8      | Noticed a brown ugly thing
  7721 | D:8      | Reached skill level 7 in Conjurations
  7731 | D:8      | Reached skill level 7 in Fighting
  7731 | D:8      | Reached skill level 7 in Dodging
  7732 | D:8      | HP: 38/77 [poisoned by a water moccasin]
  7887 | D:8      | Found a white marble altar of Elyvilon.
  7988 | D:8      | HP: 38/79 [poisoned by a kobold brigand (curare-tipped
                  | dart)]
  7993 | D:8      | HP: 29/79 [wight/+2 halberd (10)]
  8027 | D:8      | HP: 37/77 [wight/+2 halberd (6)]
  8238 | D:8      | Found a glowing golden altar of the Shining One.
  8299 | D:8      | Found a sparkling altar of Nemelex Xobeh.
  8910 | D:9      | Noticed a two-headed ogre
  8961 | D:9      | Killed a two-headed ogre
  8962 | D:9      | Reached skill level 6 in Invocations
  8962 | D:9      | Reached skill level 5 in Shapeshifting
  9075 | D:9      | HP: 39/79 [yak (7)]
  9083 | D:9      | Reached **** piety under Kikubaaqudgha
  9232 | D:9      | Found a staircase to the Orcish Mines.
  9235 | D:9      | Noticed a cyclops
  9260 | D:9      | Killed a cyclops
  9269 | D:9      | Reached skill level 9 in Maces & Flails
  9371 | D:9      | Found a basalt altar of Yredelemnul.
  9432 | D:9      | Reached skill level 6 in Short Blades
  9432 | D:9      | Reached skill level 6 in Long Blades
  9432 | D:9      | Reached skill level 6 in Axes
  9432 | D:9      | Reached skill level 6 in Polearms
  9432 | D:9      | Reached skill level 6 in Staves
  9432 | D:9      | Reached skill level 6 in Ranged Weapons
  9432 | D:9      | Reached skill level 6 in Throwing
  9432 | D:9      | Reached skill level 6 in Armour
  9432 | D:9      | Reached skill level 6 in Stealth
  9432 | D:9      | Reached skill level 6 in Shields
  9432 | D:9      | Reached skill level 6 in Unarmed Combat
  9432 | D:9      | Reached skill level 6 in Evocations
  9556 | D:9      | Reached skill level 5 in Hexes
  9556 | D:9      | Reached skill level 5 in Summonings
  9556 | D:9      | Reached skill level 5 in Necromancy
  9556 | D:9      | Reached skill level 5 in Translocations
  9556 | D:9      | Reached skill level 5 in Fire Magic
  9556 | D:9      | Reached skill level 5 in Ice Magic
  9556 | D:9      | Reached skill level 5 in Air Magic
  9556 | D:9      | Reached skill level 5 in Earth Magic
  9556 | D:9      | Reached skill level 5 in Alchemy
  9583 | D:9      | Reached XP level 11. HP: 85/85 MP: 22/22
  9609 | D:9      | Reached skill level 8 in Spellcasting
  9727 | D:9      | Found a radiant altar of Vehumet.
  9727 | D:9      | Found a bloodstained altar of Trog.
 10006 | D:10     | Entered Level 10 of the Dungeon
 10008 | D:10     | Paralysed by a hornet for 1 turns
 10045 | D:10     | Noticed a centaur warrior
 10054 | D:10     | HP: 43/86 [centaur warrior (10)]
 10057 | D:10     | Killed a centaur warrior
 10365 | D:10     | Reached skill level 7 in Invocations
 10411 | D:10     | Identified the +2 dagger of the Holding Queen {pain, rF+
                  | rCorr}
 10568 | D:10     | Reached skill level 8 in Fighting
 10568 | D:10     | Reached skill level 8 in Dodging
 10770 | D:11     | Found a staircase to the Lair.
 10784 | D:11     | Found Asyg's Book Boutique.
 10946 | D:11     | Noticed a sun demon
 11096 | D:11     | Reached skill level 6 in Shapeshifting
 11779 | D:12     | Noticed a centaur warrior
 11783 | D:12     | HP: 38/86 [centaur warrior/arrow (21)]
 11794 | D:11     | HP: 39/86 [wraith (3)]
 11958 | D:12     | Killed a centaur warrior
 12088 | D:12     | HP: 41/86 [vampire mosquito (3)]
 12365 | D:12     | Reached skill level 8 in Conjurations
 12609 | D:12     | Noticed Snorg
 12684 | D:12     | Killed Snorg
 12684 | D:12     | Reached ***** piety under Kikubaaqudgha
 12685 | D:12     | Reached skill level 7 in Short Blades
 12685 | D:12     | Reached skill level 7 in Long Blades
 12685 | D:12     | Reached skill level 7 in Axes
 12685 | D:12     | Reached skill level 7 in Polearms
 12685 | D:12     | Reached skill level 7 in Staves
 12685 | D:12     | Reached skill level 7 in Ranged Weapons
 12685 | D:12     | Reached skill level 7 in Throwing
 12685 | D:12     | Reached skill level 7 in Armour
 12685 | D:12     | Reached skill level 7 in Stealth
 12685 | D:12     | Reached skill level 7 in Shields
 12685 | D:12     | Reached skill level 7 in Unarmed Combat
 12685 | D:12     | Reached skill level 7 in Evocations
 13106 | D:12     | Noticed a soul eater
 13665 | D:13     | Noticed a deep elf pyromancer
 13681 | D:13     | HP: 29/87 [deep elf pyromancer/bolt of fire (33)]
 13682 | D:13     | Killed a deep elf pyromancer
 13683 | D:13     | Reached XP level 12. HP: 32/94 MP: 24/24
 13887 | D:13     | Noticed a two-headed ogre
 13899 | D:13     | Killed a two-headed ogre
 13900 | D:13     | Reached skill level 6 in Hexes
 13900 | D:13     | Reached skill level 6 in Summonings
 13900 | D:13     | Reached skill level 6 in Necromancy
 13900 | D:13     | Reached skill level 6 in Translocations
 13900 | D:13     | Reached skill level 6 in Fire Magic
 13900 | D:13     | Reached skill level 6 in Ice Magic
 13900 | D:13     | Reached skill level 6 in Air Magic
 13900 | D:13     | Reached skill level 6 in Earth Magic
 13900 | D:13     | Reached skill level 6 in Alchemy
 13948 | D:13     | Identified a scroll of acquirement
 13977 | D:13     | Noticed a tengu warrior
 14000 | D:13     | Killed a tengu warrior
 14001 | D:13     | Reached skill level 8 in Invocations
 14100 | D:13     | Noticed a two-headed ogre
 14113 | D:13     | Killed a two-headed ogre
 14114 | D:13     | Reached skill level 9 in Spellcasting
 14407 | D:13     | Reached skill level 10 in Maces & Flails
 14585 | D:13     | Reached skill level 9 in Fighting
 14585 | D:13     | Reached skill level 9 in Dodging
 14634 | D:13     | Reached skill level 7 in Shapeshifting
 14676 | D:13     | HP: 47/95 [poisoned by an arcanist]
 14681 | D:13     | HP: 44/95 [poisoned by an arcanist]
 14860 | D:13     | Found a gate to the Vaults.
 14860 | D:13     | Noticed a vault guard
 14860 | D:13     | Noticed a vault guard
 14889 | D:13     | HP: 47/95 [vault guard/+0 battleaxe (10)]
 14894 | D:13     | HP: 24/95 [vault guard/+0 battleaxe (10)]
 14900 | D:13     | Killed a vault guard
 15256 | D:13     | Reached skill level 8 in Short Blades
 15256 | D:13     | Reached skill level 8 in Long Blades
 15256 | D:13     | Reached skill level 8 in Axes
 15256 | D:13     | Reached skill level 8 in Polearms
 15256 | D:13     | Reached skill level 8 in Staves
 15256 | D:13     | Reached skill level 8 in Ranged Weapons
 15256 | D:13     | Reached skill level 8 in Throwing
 15256 | D:13     | Reached skill level 8 in Armour
 15256 | D:13     | Reached skill level 8 in Stealth
 15256 | D:13     | Reached skill level 8 in Shields
 15256 | D:13     | Reached skill level 8 in Unarmed Combat
 15256 | D:13     | Reached skill level 8 in Evocations
 15364 | D:14     | Noticed a catoblepas
 15547 | D:14     | Noticed a two-headed ogre
 15770 | D:14     | Noticed a centaur warrior
 15774 | D:14     | Noticed a four-headed hydra
 15978 | D:14     | Noticed a boulder beetle
 15982 | D:14     | Killed a two-headed ogre
 15983 | D:14     | Reached XP level 13. HP: 93/101 MP: 26/26
 16119 | D:14     | Reached skill level 9 in Invocations
 16507 | D:14     | HP: 38/97 [catoblepas (22)]
 16511 | D:14     | HP: 15/97 [cyclops (22)]
 16511 | D:14     | Slain by a catoblepas

Illustrated notes

Levels and vault maps discovered:
D:1:      dpeg_arrival_fog, layout_loops_ring, grunt_decor_one_mirror,
          nicolae_houndstooth_variations
D:2:      layout_loops_ring, hellmonk_ecumenical_altar_zigzags, serial_shops,
          nicolae_shop_industrial_runoff, ebering_dispersal_statue_hall
D:3:      layout_rooms, lemuel_round_altar, lightli_sewer_entry_pipes,
          corexii_shack, uniq_grinder
D:4:      layout_basic, minmay_temple_entry_sparse_star,
          sigmund_edmund_badplayer
D:5:      layout_basic, grunt_qazlal_sundering
D:6:      layout_loops_ring, pf_just_have_faith, feat_on_display
D:7:      lemuel_ratsnest, layout_cave_pods, nicolae_overflow_hidden_temple
D:8:      layout_loops_ring, lemuel_crystal_altar, overflow_temple_1_default,
          general_overflow_altar, nicolae_elevator_lobby_plus
D:9:      layout_cave_pools, jmf_multi_god_temple,
          mainiacjoe_overflow_cross_hatched, erik_orc_3
D:10:     layout_cave_pools
D:11:     layout_stronghold, lair_entry_dummy, serial_shops,
          nicolae_shop_tiny_real_fake_doors
D:12:     layout_roguey, pond, uniq_snorg
D:13:     layout_stronghold, grunt_vaults_entry_tiered
D:14:     layout_roguey, serial_park_tiny_2, nemelex_altar_shiori
Temple:   minmay_temple_forest_path

Skill      XL: |  1  2  3  4  5  6  7  8  9 10 11 12 13 |
---------------+----------------------------------------+-----
Spellcasting   | 5 6 7 8 9 |  9.7
Invocations    | 1 2 3 4 5 6 7 8 9 |  9.0
Short Blades   | 1 2 3 5 6 7 8 |  8.2
Long Blades    | 1 2 3 5 6 7 8 |  8.2
Axes           | 1 2 3 5 6 7 8 |  8.2
Polearms       | 1 2 3 5 6 7 8 |  8.2
Staves         | 1 2 3 5 6 7 8 |  8.2
Ranged Weapons | 1 2 3 5 6 7 8 |  8.2
Throwing       | 1 2 3 5 6 7 8 |  8.2
Armour         | 1 2 3 5 6 7 8 |  8.2
Stealth        | 1 2 3 5 6 7 8 |  8.2
Shields        | 1 2 3 5 6 7 8 |  8.2
Unarmed Combat | 1 2 3 5 6 7 8 |  8.2
Evocations     | 1 2 3 5 6 7 8 |  8.2
Shapeshifting  | 1 2 3 4 5 6 7 |  7.5
Hexes          | 1 2 3 4 5 6 |  6.8
Summonings     | 1 2 3 4 5 6 |  6.8
Necromancy     | 1 2 3 4 5 6 |  6.8
Translocations | 1 2 3 4 5 6 |  6.8
Fire Magic     | 1 2 3 4 5 6 |  6.8
Ice Magic      | 1 2 3 4 5 6 |  6.8
Air Magic      | 1 2 3 4 5 6 |  6.8
Earth Magic    | 1 2 3 4 5 6 |  6.8
Alchemy        | 1 2 3 4 5 6 |  6.8
Fighting       | 5 6 7 8 9 |  9.5
Dodging        | 5 6 7 8 9 |  9.5
Maces & Flails | 7 8 9 10 | 10.5
Conjurations   | 6 7 8 |  8.9

Action                     |  1- 3 |  4- 6 |  7- 9 | 10-12 | 13-15 || total
---------------------------+-------+-------+-------+-------+-------++-------
  Melee: Mace              |   118 |    38 |       |       |       ||   156
         Bite              |    14 |     5 |    41 |   108 |    16 ||   184
         Hand axe          |       |       |    28 |       |       ||    28
         Flail             |       |       |   381 |   855 |    73 ||  1309
   Fire: Sling             |    15 |   123 |    47 |    15 |       ||   200
  Throw: Dart              |       |       |    10 |     8 |       ||    18
         Boomerang         |       |       |    16 |    67 |    22 ||   105
 Invoke: Unearth Wretches  |       |       |       |     1 |       ||     1
  Evoke: Wand              |       |       |       |     5 |       ||     5
         Sack of spiders   |       |       |       |     1 |       ||     1
    Use: Potion            |       |     2 |     1 |     2 |       ||     5
         Scroll            |       |       |       |    15 |       ||    15
   Stab: Sleeping          |     1 |       |     2 |     4 |       ||     7
         Distracted        |       |       |       |     2 |       ||     2
 Armour: Leather armour    |    55 |    28 |       |       |       ||    83
         Ring mail         |       |     5 |   184 |   425 |    30 ||   644
  Dodge: Dodged            |    80 |    84 |   301 |   490 |    18 ||   973
  Block: Other             |    26 |    20 |    31 |       |       ||    77
         Reflection        |       |     1 |     3 |    10 |       ||    14
         Buckler           |       |       |   187 |   408 |       ||   595
         Kite shield       |       |       |       |    71 |    36 ||   107

Table legend: (Time is in decaauts)
 A = Elapsed time spent in this place.
 B = Non-inter-level travel time spent in this place.
 C = Inter-level travel time spent in this place.
 D = Time resting spent in this place.
 E = Time spent auto-exploring this place.
 F = Levels seen in this place.
 G = Mean time per level.
                   A        B        C        D        E       F      G
               +--------+--------+--------+--------+--------+-----+--------+
         Total |  16827 |  15919 |    908 |   1217 |  11140 |  16 | 1051.7 |
       Dungeon |  15877 |  15039 |    838 |   1217 |  10471 |  14 | 1134.1 |
        Temple |     70 |      1 |     69 |      0 |      0 |   1 |   70.0 |
         Sewer |    878 |    878 |      0 |      0 |    669 |   1 |  878.0 |
               +--------+--------+--------+--------+--------+-----+--------+

Top non-repeatable levels by time:
    D:13: 2362 daAuts
     D:7: 1379 daAuts
     D:8: 1276 daAuts
     D:6: 1269 daAuts
    D:12: 1242 daAuts
    D:11: 1207 daAuts
     D:9: 1155 daAuts
     D:4: 970 daAuts
    D:14: 933 daAuts
     D:3: 920 daAuts
     D:5: 897 daAuts
   Sewer: 878 daAuts
     D:1: 818 daAuts
    D:10: 735 daAuts
     D:2: 709 daAuts
